 Dungeon Crawl Stone Soup version 0.28-a0-769-g550dbda0cd (webtiles) character file.

Game seed: 11777731593887179683

3895 frimble the Ruffian (level 10, -14/98 HPs)
             Began as a Troll Warper on Oct 31, 2021.
             Killed from afar by Pikel (30 damage)
             ... with a bolt of acid
             ... on level 7 of the Dungeon.
             The game lasted 00:10:12 (5861 turns).

frimble the Ruffian (Troll Warper)                  Turns: 5861, Time: 00:10:12

Health: -14/98     AC:  3    Str: 21    XL:     10   Next: 0%
Magic:  10/10      EV:  9    Int: 12    God:
Gold:   391        SH:  0    Dex:  9    Spells: 9/11 levels left

rFire   . . .      SeeInvis .     - Unarmed
rCold   . . .      Faith    .   (no shield)
rNeg    . . .      Spirit   .   r - +0 swamp dragon scales
rPois   +          Reflect  .   (helmet restricted)
rElec   .          Harm     .   l - +0 cloak
rCorr   .          Rampage  .   (gloves unavailable)
Will    .....                   (boots unavailable)
Stlth   ..........              i - amulet of regeneration
HPRegen 2.26/turn               (no ring)
MPRegen 0.12/turn               (no ring)

@: corroded
A: large, unfitting armour, claws 3, regeneration 1, shaggy fur 1, tough skin 1
a: no special abilities


You were on level 7 of the Dungeon.
You visited 1 branch of the dungeon, and saw 7 of its levels.

You collected 391 gold pieces.

Inventory:

Missiles
 a - 13 poisoned darts (quivered)
 c - 4 boomerangs of dispersal
 u - 2 throwing nets
Armour
 l - a +0 cloak (worn)
 r - +0 swamp dragon scales (worn)
Jewellery
 g - a ring of fire
 i - an amulet of regeneration (around neck)
 m - a ring of ice
 v - a +4 ring of protection
Wands
 j - a wand of flame (17)
 k - a wand of polymorph (19)
 w - a wand of digging (4)
Scrolls
 b - 2 scrolls of blinking
 x - 2 scrolls of identify
Potions
 d - 5 potions of degeneration {unknown}
 e - 2 potions of haste {unknown}
 f - 7 potions of curing
 h - 4 potions of flight {unknown}
 n - a potion of ambrosia {unknown}
 o - a potion of invisibility {unknown}
 p - 2 potions of heal wounds {unknown}
 q - 3 potions of brilliance
 s - a potion of magic {unknown}
 t - 3 potions of lignification {unknown}


   Skills:
 - Level 6.0 Fighting
 - Level 5.4 Throwing
 - Level 2.8 Armour
 - Level 1.9 Dodging
 - Level 7.2 Unarmed Combat
 - Level 1.2 Spellcasting
 - Level 5.8 Translocations
 + Level 2.2 Evocations


You had 9 spell levels left.
You knew the following spells:

 Your Spells              Type           Power      Damage    Failure   Level
a - Blink                 Tloc           28%        N/A       7%          2

Your spell library contained the following spells:

 Spells                   Type           Power      Damage    Failure   Level
 Gell's Gravitas          Tloc           7%         N/A       13%         3
 Lesser Beckoning         Tloc           14%        N/A       13%         3
 Teleport Other           Tloc           14%        N/A       13%         3
 Magic Dart               Conj           0%         1d3       43%         1
 Call Imp                 Summ           0%         N/A       58%         2
 Static Discharge         Conj/Air       0%         N/A       58%         2
 Sublimation of Blood     Necr           0%         N/A       58%         2
 Manifold Assault         Tloc           14%        N/A       77%         5
 Mephitic Cloud           Conj/Pois/Air  0%         N/A       82%         3
 Ozocubu's Armour         Ice            0%         N/A       82%         3
 Iskenderun's Mystic Bla  Conj/Tloc      7%         2d4       82%         4
 Fulminant Prism          Conj/Hex       0%         3d6       99%         4
 Petrify                  Tmut/Erth      0%         N/A       99%         4
 Irradiate                Conj/Tmut      0%         3d13      100%        5
 Lee's Rapid Deconstruct  Erth           0%         3d5*      100%        5
 Lightning Bolt           Conj/Air       0%         1d11      100%        5
 Ozocubu's Refrigeration  Ice            0%         4d5       100%        7
 Maxwell's Capacitive Co  Air            0%         ∞         100%        8


Dungeon Overview and Level Annotations

Branches:
Dungeon (7/15)             Temple (0/1) D:5

Altars:
Ashenzari
Elyvilon
Fedhas
Okawaru
Sif Muna
Trog

Shops:
D:4 (   D:7 (

Annotations:
D:6 3 runed translucent doors, 1 exclusion, Twinkles's ghost, novice HuBe
D:7 Pikel


Innate Abilities, Weirdness & Mutations

You are too large for most types of armour.
You have claws for hands.
Your natural rate of healing is unusually fast.
You are covered in fur. (AC +1)
You have tough skin. (AC +1)


Message History

Pikel zaps a wand.
The bolt of acid hits you!! The lemure hits you but does no damage.
You closely miss the lemure.
A lemure comes into view.
An iguana comes into view.
The lemure shouts!
A lemure comes into view. x2
Pikel zaps a wand.
The bolt of acid misses you.
Found 18 arrows and 18 stones.
The lemure shouts!
Pikel scowls and wipes his hands on his robe.
Pikel zaps a wand.
The bolt of acid hits you!!
Pikel zaps a wand.
The bolt of acid misses you.
You see here a +0 leather armour.
You claw the lemure!
The lemure is heavily wounded.
The lemure closely misses you.
You closely miss the lemure.
The lemure is heavily wounded.
A lemure opens the door.
You claw the lemure!
You kill the lemure!
That felt strangely unrewarding.
You barely miss the lemure. The lemure hits you.
You claw the lemure!
The lemure is heavily wounded.
The lemure barely misses you.
You claw the lemure!
You kill the lemure!
That felt strangely unrewarding.
Pikel zaps a wand.
The bolt of acid hits you!!! The acid corrodes you!
You are too injured to fight recklessly!
You are too injured to fight recklessly!
You are too injured to fight recklessly!
You are too injured to fight recklessly!
You are too injured to fight recklessly!
Pikel zaps a wand.
The bolt of acid hits you!!!
* * * LOW HITPOINT WARNING * * *
The acid corrodes you!
Pikel zaps a wand.
The bolt of acid hits you!!
You die...

...(.....# #8.<)8.#.#
.........##############...<)..#
...............#).).....∩..######
.........#####...##..............
..######## ##..#....8.>.8######
#......# #..#._.............
#......# ##.......#8########
#......# #.##....### #≈.....####
#@.##...## #.≈..(.##.##
##.##....# #......###.##
#...l...# #.#'#+## ##.##
#.#.#...# #.#.#.# ##.###)#K#...#
#)#.#.# ##.##)#5...##
#.#.#'########.#.#....#
#.#.........###))...).#########
...<........'...).....K.......#


You could see Pikel, a lemure and an iguana.

Vanquished Creatures
  Joseph (D:7)
  A queen bee (D:6)
  2 hornets
  Prince Ribbit (D:6)
  Sigmund (D:2)
  A wraith (D:6)
  Eustachio (D:6)
  Duvessa (D:5)
  2 black bears (D:7)
  2 sky beasts
  2 orc warriors (D:7)
  2 ogres (D:5)
  2 centaurs (D:6)
  2 phantoms (D:6)
  2 lemures (D:7)
  A bullfrog (D:6)
  Dowan (D:5)
  2 scorpions (D:5)
  A water moccasin skeleton (D:5)
  A wight (D:6)
  A bullfrog zombie (D:6)
  A jelly (D:5)
  A centaur zombie (D:7)
  A hound (D:5)
  Crazy Yiuf (D:2)
  3 orc priests
  2 gnoll shamans
  3 bullfrog skeletons
  An iguana (D:6)
  7 orc wizards
  A hound zombie (D:5)
  A hound skeleton (D:4)
  Robin (D:3)
  5 gnolls (D:5)
  2 adders
  A shadow imp (D:6)
  2 white imps (D:6)
  2 ufetubi (D:6)
  A worm (D:3)
  2 adder skeletons (D:4)
  4 dart slugs
  30 orcs
  4 endoplasms
  14 goblins
  10 hobgoblins
  4 jackals (D:1)
  9 kobolds
  A quokka (D:2)
  3 ball pythons
  5 bats
  7 frilled lizards
  11 rats
170 creatures vanquished.

Vanquished Creatures (others)
  3 fungi (D:2)
3 creatures vanquished.

Grand Total: 173 creatures vanquished

Notes
Turn   | Place    | Note
-------+----------+-------------------------------------------
     0 | D:1      | frimble the Troll Warper began the quest for the Orb.
     0 | D:1      | Reached XP level 1. HP: 19/19 MP: 1/1
    43 | D:1      | Reached skill level 1 in Throwing
    86 | D:1      | You fall into a shaft and drop 1 floor!
   131 | D:2      | Reached XP level 2. HP: 28/28 MP: 2/2
   318 | D:1      | Found a faded altar of an unknown god.
   499 | D:1      | Reached XP level 3. HP: 27/35 MP: 3/3
   811 | D:2      | Learned a level 2 spell: Blink
  1271 | D:2      | Noticed Sigmund
  1286 | D:2      | Killed Sigmund
  1287 | D:2      | Reached skill level 3 in Unarmed Combat
  1287 | D:2      | Reached XP level 4. HP: 10/44 MP: 4/4
  1287 | D:2      | Reached XP level 5. HP: 11/50 MP: 5/5
  1530 | D:2      | Found a runed translucent door.
  1531 | D:2      | Noticed Crazy Yiuf
  1568 | D:2      | Killed Crazy Yiuf
  1783 | D:3      | Found a shimmering blue altar of Sif Muna.
  2009 | D:3      | Found an iron altar of Okawaru.
  2198 | D:3      | Noticed Robin
  2210 | D:3      | Killed Robin
  2211 | D:3      | Reached XP level 6. HP: 53/59 MP: 6/6
  2607 | D:4      | Found a white marble altar of Elyvilon.
  2807 | D:4      | Found Hirew's Weapon Shop.
  3361 | D:5      | Entered Level 5 of the Dungeon
  3463 | D:5      | Reached skill level 4 in Unarmed Combat
  3475 | D:5      | Found a staircase to the Ecumenical Temple.
  3483 | D:5      | Reached XP level 7. HP: 62/67 MP: 7/7
  3540 | D:5      | Identified the +9 long sword "Hevaluqeru" {vamp, Str+3}
  3646 | D:5      | Found a broken altar of Ashenzari.
  3754 | D:5      | Reached XP level 8. HP: 64/78 MP: 8/8
  3817 | D:5      | Noticed Duvessa
  3817 | D:5      | Noticed Dowan
  3823 | D:5      | Killed Duvessa
  3824 | D:5      | Reached skill level 5 in Unarmed Combat
  3833 | D:5      | Killed Dowan
  4281 | D:6      | Noticed a hornet
  4281 | D:6      | a wyvern changed into a hornet
  4298 | D:6      | Killed a hornet
  4306 | D:6      | Noticed Eustachio
  4371 | D:6      | Killed Eustachio
  4372 | D:6      | Reached skill level 5 in Throwing
  4423 | D:6      | Reached skill level 5 in Fighting
  4423 | D:6      | Reached skill level 6 in Unarmed Combat
  4467 | D:6      | Found a blossoming altar of Fedhas.
  4547 | D:6      | Found a runed translucent gate.
  4563 | D:6      | Noticed Maggie
  4588 | D:6      | Noticed Maggie
  4588 | D:6      | Maggie changed into Maggie the centaur
  4593 | D:6      | Killed Maggie the centaur
  4594 | D:6      | Reached XP level 9. HP: 58/88 MP: 5/9
  4675 | D:6      | Reached skill level 5 in Translocations
  4691 | D:6      | Noticed a six-headed hydra
  4767 | D:6      | Noticed Prince Ribbit
  4779 | D:6      | Killed Prince Ribbit
  4780 | D:6      | Reached skill level 1 in Armour
  4872 | D:6      | Paralysed by a hornet for 3 turns
  4881 | D:6      | Paralysed by a hornet for 3 turns
  4888 | D:6      | Noticed a queen bee
  4888 | D:6      | a hornet changed into a queen bee
  4898 | D:6      | Killed a queen bee
  5117 | D:6      | Noticed Twinkles's ghost (novice HuBe)
  5130 | D:6      | Found a runed translucent gate.
  5130 | D:6      | Found a runed translucent gate.
  5302 | D:7      | Found Byggobif's Weapon Shop.
  5302 | D:7      | Found a bloodstained altar of Trog.
  5416 | D:7      | Reached skill level 7 in Unarmed Combat
  5600 | D:7      | Noticed Joseph
  5663 | D:7      | Killed Joseph
  5664 | D:7      | Reached skill level 1 in Evocations
  5724 | D:7      | Reached XP level 10. HP: 98/98 MP: 10/10
  5822 | D:7      | Noticed Pikel
  5861 | D:7      | Killed from afar by Pikel

Illustrated notes

Levels and vault maps discovered:
D:1:      lordsloth_arrival_two_stooges, layout_basic,
          hellmonk_ecumenical_altar_inner_sanctum
D:2:      layout_basic, grunt_decor_junction, uniq_sigmund,
          uniq_crazy_yiuf_cottage
D:3:      layout_basic, lemuel_blue_sif_altar, kennysheep_okawaru_gauntlet,
          uniq_robin
D:4:      layout_cave_pods, nicolae_elyvilon_peaceful_grove, serial_shops,
          shop_fountains
D:5:      wander_river, layout_loops_ring, ashenzari_conservatory_becter,
          minmay_temple_entry_proselytizer, uniq_duvessa
D:6:      minmay_chambers_of_fours, layout_basic, fedhas_ov_isle_minmay,
          gammafunk_ghost_split, minmay_microvault, uniq_maggie, uniq_eustachio,
          uniq_prince_ribbit1
D:7:      layout_basic, bloody_trog, serial_shops, nicolae_stop_n_shop_2,
          minmay_misc_feat_plants, uniq_joseph, uniq_pikel

Skill      XL: |  1  2  3  4  5  6  7  8  9 |
---------------+----------------------------+-----
Throwing       | 1 2 3 4 5 |  5.4
Fighting       | 2 3 4 5 6 |  6.0
Unarmed Combat | 3 4 6 7 |  7.2
Translocations | 3 4 5 |  5.8
Armour         | 2 |  2.8
Evocations     | 2 |  2.2
Dodging        | |  1.9
Spellcasting   | |  1.2

Action                   |  1- 3 |  4- 6 |  7- 9 | 10-12 || total
-------------------------+-------+-------+-------+-------++-------
Melee: Unarmed           |   152 |   205 |   390 |     8 ||   755
       Punch             |       |     4 |    14 |       ||    18
Throw: Dart              |       |       |    32 |       ||    32
       Boomerang         |       |       |     1 |       ||     1
 Cast: Blink             |       |       |     5 |       ||     5
Evoke: Wand              |       |     5 |     9 |       ||    14
  Use: Scroll            |     3 |     2 |     2 |       ||     7
 Stab: Sleeping          |     1 |       |       |       ||     1
       Distracted        |       |       |     1 |       ||     1
       Confused          |       |       |     1 |       ||     1
Armor: Robe              |    70 |    50 |    47 |       ||   167
       Skin              |       |       |    27 |       ||    27
       Swamp dragon scal |       |       |   138 |     2 ||   140
Dodge: Dodged            |    76 |    66 |   165 |     4 ||   311

Table legend: (Time is in decaauts)
 A = Elapsed time spent in this place.
 B = Non-inter-level travel time spent in this place.
 C = Inter-level travel time spent in this place.
 D = Time resting spent in this place.
 E = Time spent auto-exploring this place.
 F = Levels seen in this place.
 G = Mean time per level.
                   A        B        C        D        E       F      G
               +--------+--------+--------+--------+--------+-----+--------+
         Total |   5801 |   5556 |    245 |      0 |   4062 |   7 |  828.7 |
       Dungeon |   5801 |   5556 |    245 |      0 |   4062 |   7 |  828.7 |
               +--------+--------+--------+--------+--------+-----+--------+

Top non-repeatable levels by time:
     D:6: 1110 daAuts
     D:2: 985 daAuts
     D:4: 898 daAuts
     D:5: 827 daAuts
     D:3: 806 daAuts
     D:1: 644 daAuts
     D:7: 528 daAuts
